 Dungeon Crawl Stone Soup version 0.20-a0-214-gb74cb0e (webtiles) character file.

143 Lochraine the Charlatan (level 5, -1/40 HPs)
             Began as a Draconian Wanderer on Nov 27, 2016.
             Slain by a gnoll
             ... wielding a +0 spear
              (12 damage)
             ... on level 3 of the Dungeon.
             The game lasted 00:06:52 (2505 turns).

Lochraine the Charlatan (Draconian Wanderer)        Turns: 2505, Time: 00:06:53

Health: -1/40      AC:  5    Str: 16    XL:     5   Next: 4%
Magic:  7/7        EV: 11    Int: 14    God:
Gold:   225        SH:  0    Dex:  8    Spells: 6/6 levels left

rFire  . . .     SeeInvis .     b - +2 blowgun
rCold  . . .     Gourm    .     (armour unavailable)
rNeg   . . .     Faith    .     (no shield)
rPois  .         Spirit   .     (helmet restricted)
rElec  .         Reflect  .     (no cloak)
rCorr  .         Harm     .     (no gloves)
MR     .....                    (no boots)
Stlth  +.........               e - amulet of rage
                                (no ring)
                                (no ring)

@: no status effects
A: unfitting armour, cold-blooded, AC +5
a: Evoke Berserk Rage


You were on level 3 of the Dungeon.
You were not hungry.

You visited 1 branch of the dungeon, and saw 3 of its levels.

You collected 225 gold pieces.

Inventory:

Hand Weapons
 a - a +2 short sword of venom
 b - a +2 blowgun (weapon)
 l - a +0 hand axe
Missiles
 c - 2 curare-tipped needles
 s - 11 poisoned needles (quivered)
 y - 7 javelins
Jewellery
 e - an amulet of rage (around neck)
 h - an uncursed amulet of the gourmand {unknown}
 v - a cursed ring of loudness {unknown}
Scrolls
 g - a scroll of remove curse
 j - 2 scrolls of identify
 n - a scroll of random uselessness {unknown}
 o - a scroll of noise {unknown}
 t - a scroll of recharging {unknown}
Potions
 k - a potion of flight {unknown}
 m - a potion of magic {unknown}
 p - a potion of mutation {unknown}
 q - 3 potions of degeneration
 z - 2 potions of brilliance {unknown}
Books
 d - Sonoicw's Disquisition on Snow

   Spells                             Type                      Level
   a - Throw Frost                    Conjuration/Ice              2
   b - Ensorcelled Hibernation        Hexes/Ice                    2
Comestibles
 f - 2 bread rations
 r - a beef jerky
 u - 13 chunks of flesh
 w - 4 fruits
 x - a royal jelly
 A - a meat ration


   Skills:
 - Level 1.1 Fighting
 - Level 3.1 Axes
 - Level 1.5 Throwing
 - Level 1.1 Dodging
 - Level 1.0 Spellcasting
   Level 2.0 Ice Magic
   Level 2.0 Poison Magic
 + Level 3.5 Evocations


You had 6 spell levels left.
You didn't know any spells.

Dungeon Overview and Level Annotations

Branches:
Dungeon (3/15)

Altars:


Innate Abilities, Weirdness & Mutations

Your plain brown scales are hard. (AC +5)
You cannot fit into any form of body armour.
You are cold-blooded and may be slowed by cold attacks.


Message History

Press: ? - help, Shift-Dir - straight line, f/p - gnoll
Aim: a gnoll, wielding a spear (lightly wounded, poisoned)
You shoot a poisoned needle. The poisoned needle hits the gnoll.
The gnoll is lightly wounded.
The gnoll hits you from afar with a spear.
* * * LOW HITPOINT WARNING * * *
A frilled lizard comes into view.
As you read the scroll labeled MENEXZ NALISS, it crumbles to dust.
You feel blessed for a moment.
It was a scroll of remove curse.
The frilled lizard hisses angrily.
The gnoll looks more healthy.
The gnoll hits you but does no damage.
As you read the scroll labeled APREPLOVUY, it crumbles to dust.
It is a scroll of identify.
q - 3 potions of degeneration The gnoll hits you but does no damage.
As you read the scroll labeled HOYMOIR CEPI, it crumbles to dust.
It is a scroll of amnesia.
You feel forgetful for a moment.
The gnoll hits you from afar with a spear!
You die...

#. #. . .. r.. #. #. #. .S#
#. ### ##.# #. .g# #.## ##..
....##.##..## ######..###.(.
##.......... .........(....
..........###########..#.(..
..#..l...S@.g.(..().....(..
#..#...[.#############(##...
.........### #.#....
...........####### #...#..
...##.##......)..# ##..##.
#..........>..##.######..###
....###..†.>..##....g...(...
.......†[..†...÷....###.#.#.
..............#####..##.#...


You could see a gnoll, an adder and a frilled lizard.

Vanquished Creatures
  3 gnolls
  3 adders
  2 worms
  A dart slug (D:2)
  3 leopard geckos
  2 orcs (D:3)
  9 goblins
  11 hobgoblins
  5 jackals
  2 quokkas
  9 bats
  8 frilled lizards
  7 kobolds
  7 rats
72 creatures vanquished.

Notes
Turn   | Place    | Note
-------+----------+-------------------------------------------
     0 | D:1      | Lochraine the Draconian Wanderer began the quest for the Orb.
     0 | D:1      | Lochraine set off with: 3 curare-tipped needles, a +2 blowgun, a +0 hand axe, Sonoicw's Disquisition on Snow, a bread ration
     0 | D:1      | Reached XP level 1. HP: 16/16 MP: 2/2
     0 | D:1      | Identified Sonoicw's Disquisition on Snow
   217 | D:1      | Reached XP level 2. HP: 7/23 MP: 3/3
   780 | D:1      | Reached skill level 1 in Dodging
   780 | D:1      | Reached XP level 3. HP: 28/28 MP: 4/4
  1224 | D:2      | Reached XP level 4. HP: 24/35 MP: 5/5
  2484 | D:3      | Reached XP level 5. HP: 17/40 MP: 7/7
  2505 | D:3      | Slain by a gnoll

Vault maps used:
D:1:      minmay_arrival_stone_box, minmay_split_cup_large
D:2:      kennysheep_generic_room_7

Skill      XL: |  1  2  3  4 |
---------------+-------------+-----
Dodging        | 1 |  1.1
Axes           | 3 |  3.1
Evocations     | 2 3 |  3.5
Fighting       | |  1.1
Throwing       | |  1.5
Spellcasting   | |  1.0
Ice Magic      | |  2.0
Poison Magic   | |  2.0

Action                   |  1- 3 |  4- 6 || total
-------------------------+-------+-------++-------
Melee: Hand axe          |   106 |    18 ||   124
       Tailslap          |     6 |     8 ||    14
       Short sword       |       |    97 ||    97
 Fire: Blowgun           |     3 |     9 ||    12
  Use: Scroll            |       |     3 ||     3
  Eat: Chunk             |     1 |     4 ||     5
Armor: Skin              |    38 |    52 ||    90
Dodge: Dodged            |    66 |    76 ||   142
